 Dungeon Crawl Stone Soup version 0.30-a0-748-ge6a52f7cba (webtiles) character file.

Game seed: 2394077395976350735

17787 HammerPanzer the Executioner (level 12, -5/135 HPs)
             Began as a Minotaur Berserker on Feb 8, 2023.
             Was a High Priest of Trog.
             Slain by a freezing wraith (7 damage)
             ... on level 10 of the Dungeon.
             The game lasted 00:28:33 (11666 turns).

HammerPanzer the Executioner (Minotaur Berserker)  Turns: 11666, Time: 00:28:33

Health: -5/135     AC: 16    Str: 25    XL:     12   Next: 22%
Magic:  11/11      EV:  6    Int:  4    God:    Trog [*****.]
Gold:   561        SH: 13    Dex: 22    Spells: 11/11 levels left

rFire   + + .      SeeInvis .    d - +0 hand axe (venom)
rCold   x . .      Faith    .    z - +0 tower shield
rNeg    . . .      Spirit   .    e - +7 fire dragon scales of Caenoni {rElec rF++ rC- rCorr Dex+4 Stlth-}
rPois   .          Reflect  .    n - +1 hat
rElec   +          Harm     .    (no cloak)
rCorr   +          Rampage  .    (no gloves)
Will    .....                    (no boots) Stlth
                                 (no amulet)
HPRegen 0.42/turn                l - +6 ring of dexterity
MPRegen 0.12/turn                s - ring of resist corrosion

@: berserking, very quick
A: horns 2, retaliatory headbutt
a: Renounce Religion, Berserk, Trog's Hand, Brothers in Arms


You were on level 10 of the Dungeon.
You worshipped Trog.
Trog was extremely pleased with you.
You visited 1 branch of the dungeon, and saw 10 of its levels.
You also visited: Bailey.

You collected 561 gold pieces.

Inventory:

Hand Weapons
 d - a +0 hand axe of venom (weapon)
Armour
 e - the +7 fire dragon scales of Caenoni (worn) {rElec rF++ rC- rCorr Dex+4 Stlth-}
   (You took it off a spriggan in a bailey)

   Dex:       It affects your dexterity (+4).
   rF:        It greatly protects you from fire.
   rC:        It makes you vulnerable to cold.
   rElec:     It insulates you from electricity.
   rCorr:     It protects you from acid and corrosion.
   Stlth:     It makes you less stealthy.
 n - a +1 hat (worn)
 z - a +0 tower shield (worn)
Jewellery
 l - a +6 ring of dexterity (left hand)
 p - a +6 ring of dexterity
 s - a ring of resist corrosion (right hand)
 y - an amulet of faith
Wands
 a - a wand of flame (17)
 b - a wand of digging (9)
 w - a wand of charming (5)
Scrolls
 m - 2 scrolls of enchant weapon
 o - 6 scrolls of teleportation
 r - a scroll of magic mapping
 t - a scroll of fear
 A - 2 scrolls of fog
 C - 2 scrolls of identify
Potions
 c - 7 potions of curing
 g - a potion of ambrosia
 h - 3 potions of brilliance
 i - a potion of resistance
 j - 5 potions of flight
 k - 3 potions of lignification
 q - a potion of haste
 v - 2 potions of berserk rage
 x - 2 potions of mutation
 B - a potion of magic
Miscellaneous
 f - a phantom mirror


   Skills:
 - Level 3.6 Fighting
 + Level 23.0 Axes
 - Level 2.4 Armour
 - Level 2.1 Dodging


You had 11 spell levels left.
You didn't know any spells.
Your spell library was empty.

Dungeon Overview and Level Annotations

Branches:
Dungeon (10/15)            Temple (0/1) D:4            Lair (0/5) D:8
 Bailey (visited)
    Orc: D:9-12

Altars:
Hepliaklqana
Qazlal
Yredelemnul
The Shining One

Shops:
D:5 =?   D:7 *


Innate Abilities, Weirdness & Mutations

You have a pair of horns on your head.
You reflexively headbutt those who attack you in melee.


Message History

You block the slime creature's attack.
You barely miss the slime creature. You headbutt the slime creature!
The slime creature is heavily wounded.
The slime creature hits you.
You hit the slime creature. You headbutt the slime creature!
The slime creature is almost dead.
The slime creature hits you.
You hit the slime creature. You headbutt the slime creature.
You kill the slime creature!
Trog accepts your kill.
You hit the freezing wraith.
The freezing wraith is lightly damaged.
You block the freezing wraith's attack. x2
You slash the freezing wraith!
The freezing wraith is moderately damaged.
The freezing wraith hits you! The freezing wraith freezes you!!
You feel a terrible chill! You block the freezing wraith's attack.
You barely miss the freezing wraith.
The freezing wraith is moderately damaged.
You block the freezing wraith's attack.
The freezing wraith hits you but does no damage.
You hit the freezing wraith but do no damage.
You headbutt the freezing wraith, but do no damage.
The freezing wraith is moderately damaged.
The freezing wraith hits you. The freezing wraith freezes you!!
You feel a terrible chill!
* * * LOW HITPOINT WARNING * * *
The freezing wraith hits you but does no damage.
A red film seems to cover your vision as you go berserk!
You feel yourself moving faster!
You feel mighty!
The freezing wraith hits you but does no damage.
You block the freezing wraith's attack.
You slash the freezing wraith!
The freezing wraith is heavily damaged.
The freezing wraith hits you.
* * * LOW HITPOINT WARNING * * *
The freezing wraith freezes you!
You feel a terrible chill!
* * * LOW HITPOINT WARNING * * *
The freezing wraith hits you!
You die...

# ##.##.## ##.## ##....... #
#.##...###.#.#.## #....... ##
##.####.##.##.##. ##....>. .#
#.####...##./...# #......
.###.###..#.##.....# ##.....
#.#.###..##)[##...# #.....
#.#.##..##.).##...# ##.>..
##.##.(##..##.##W## #....
.#.##.##..##..##@# #....
.#############..## #....
.############################....
.................................
##..####.....####.#..#.####......
#..# #...### #......# #......
##..# #..#########..######......
....####.........................
.............._..................


You could see a freezing wraith.

Vanquished Creatures
  5 centaur warriors (D:10)
  2 two-headed ogres
  Pikel (D:7)
  A cyclops (D:10)
  An elephant (D:8)
  Joseph (D:10)
  A gargoyle (D:10)
  6 rime drakes (D:8)
  2 trolls
  2 hornets
  Prince Ribbit (D:7)
  Grinder (D:3)
  A shadow (D:10)
  A slime creature (D:10)
  3 spriggans (Bailey)
  A vampire (D:9)
  3 wraiths
  2 wyverns
  18 yaks
  A basilisk (D:8)
  A steam dragon (Bailey)
  3 acid dragons
  2 water moccasins
  2 orc warriors
  A sky beast (D:6)
  3 black bears
  The ghost of Stoves66 the Chopper, an amateur HOFi (D:3)
  4 centaurs
  9 ogres
  A phantom (D:6)
  6 kobold brigands
  3 bullfrogs
  3 gnoll sergeants
  3 scorpions
  5 wights (D:8)
  5 killer bees
  2 howler monkeys
  A jelly (D:5)
  2 orc priests
  4 hounds
  2 iguanas
  9 orc wizards
  2 adders
  4 gnolls (D:9)
  2 river rats (D:3)
  3 white imps
  3 ufetubi
  39 orcs
  7 ball pythons
  6 bats
  2 endoplasms (D:3)
  3 giant cockroaches
  7 goblins
  2 hobgoblins
  3 jackals (D:1)
  2 quokkas
  4 frilled lizards
  18 kobolds
  8 rats
241 creatures vanquished.

Vanquished Creatures (collateral kills)
  A wyvern (D:10)
1 creature vanquished.

Vanquished Creatures (others)
  2 withered plants (D:3)
2 creatures vanquished.

Grand Total: 244 creatures vanquished

Notes
Turn   | Place    | Note
-------+----------+-------------------------------------------
     0 | D:1      | HammerPanzer the Minotaur Berserker began the quest for the
                  | Orb.
     0 | D:1      | Reached XP level 1. HP: 19/19 MP: 0/0
    12 | D:1      | Noticed an electric eel
   199 | D:1      | Reached skill level 4 in Axes
   293 | D:1      | Reached XP level 2. HP: 26/26 MP: 1/1
   936 | D:2      | Reached skill level 5 in Axes
   936 | D:2      | Reached XP level 3. HP: 7/31 MP: 2/2
   941 | D:2      | HP: 1/31 [poisoned by an adder]
  1370 | D:2      | Found a hazy altar of Hepliaklqana.
  1638 | D:3      | Noticed Grinder
  1642 | D:3      | Paralysed by Grinder for 2 turns
  1647 | D:3      | Killed Grinder
  1648 | D:3      | Reached skill level 7 in Axes
  1648 | D:3      | Reached XP level 4. HP: 23/39 MP: 3/3
  1648 | D:3      | Reached XP level 5. HP: 27/45 MP: 4/4
  1869 | D:3      | Reached ** piety under Trog
  1872 | D:3      | Found a runed translucent door.
  1872 | D:3      | Noticed Stoves66's ghost (amateur HOFi)
  1890 | D:3      | Reached skill level 8 in Axes
  2224 | D:3      | Reached XP level 6. HP: 51/51 MP: 5/5
  2682 | D:3      | Killed Stoves66's ghost
  2792 | D:4      | Reached skill level 9 in Axes
  2872 | D:4      | Reached XP level 7. HP: 57/57 MP: 6/6
  3017 | D:4      | Found a staircase to the Ecumenical Temple.
  3311 | D:4      | Reached *** piety under Trog
  3312 | D:4      | Reached skill level 10 in Axes
  3535 | D:5      | Entered Level 5 of the Dungeon
  3678 | D:5      | Reached skill level 11 in Axes
  3903 | D:5      | Reached XP level 8. HP: 54/64 MP: 7/7
  4243 | D:5      | Found Udadgh's Magic Scroll Emporium.
  4322 | D:5      | Found Ylaesyoh's Jewellery Shop.
  4549 | D:6      | Reached skill level 12 in Axes
  5608 | D:7      | Found Wuek's General Store.
  5688 | D:7      | Noticed Pikel
  5699 | D:7      | Killed Pikel
  5700 | D:7      | Reached skill level 14 in Axes
  5714 | D:7      | Noticed Prince Ribbit
  5737 | D:7      | Reached XP level 9. HP: 45/70 MP: 8/8
  5959 | D:7      | Killed Prince Ribbit
  6101 | D:7      | Reached skill level 15 in Axes
  6426 | D:8      | Noticed a rime drake
  6491 | D:8      | Found a staircase to the Lair.
  6491 | D:8      | Noticed an elephant
  6503 | D:8      | Reached skill level 16 in Axes
  6507 | D:8      | Killed an elephant
  6833 | D:8      | Found a flagged portal.
  6839 | D:8      | Paralysed by a hornet for 2 turns
  6872 | Bailey   | Entered a bailey
  6895 | Bailey   | Reached skill level 17 in Axes
  6898 | Bailey   | Reached XP level 10. HP: 77/77 MP: 9/9
  7040 | Bailey   | Noticed a two-headed ogre
  7049 | Bailey   | Killed a two-headed ogre
  7082 | Bailey   | Identified the +7 fire dragon scales of Caenoni {rElec rF++
                  | rC- rCorr Dex+4 Stlth-}
  7097 | Bailey   | Reached skill level 18 in Axes
  7624 | D:8      | Identified the +7 dagger "Foidd" {speed, Fly rC- Int+4
                  | Dex+3}
  7934 | D:8      | Reached skill level 19 in Axes
  8113 | D:8      | Found the +4 skin of Zhor {*Englaciate rC+++ SInv}
  8183 | D:9      | Reached XP level 11. HP: 82/82 MP: 10/10
  8352 | D:9      | Reached **** piety under Trog
  8353 | D:9      | Reached skill level 20 in Axes
  9308 | D:10     | Entered Level 10 of the Dungeon
  9311 | D:10     | Noticed Joseph
  9325 | D:10     | Killed Joseph
  9469 | D:10     | Found a runed translucent door.
  9469 | D:10     | Found a runed translucent door.
  9469 | D:10     | Noticed a centaur warrior
  9469 | D:10     | Noticed a centaur warrior
  9470 | D:10     | Noticed a centaur warrior
  9473 | D:10     | Found a runed translucent door.
  9473 | D:10     | Noticed a two-headed ogre
  9473 | D:10     | Noticed a centaur warrior
  9516 | D:10     | Found a glowing golden altar of the Shining One.
  9517 | D:10     | Found a basalt altar of Yredelemnul.
  9517 | D:10     | Found a stormy altar of Qazlal.
  9643 | D:10     | Reached ***** piety under Trog
  9650 | D:10     | Reached skill level 21 in Axes
 10318 | D:10     | Killed a centaur warrior
 10320 | D:10     | Killed a centaur warrior
 10324 | D:10     | Killed a centaur warrior
 10326 | D:10     | Killed a centaur warrior
 10327 | D:10     | Reached skill level 22 in Axes
 10337 | D:10     | HP: 1/82 [two-headed ogre/+0 giant spiked club (25)]
 10341 | D:10     | Killed a two-headed ogre
 10347 | D:10     | HP: 2/82 [cyclops/large rock (3)]
 10669 | D:10     | Reached XP level 12. HP: 84/90 MP: 11/11
 11153 | D:10     | Noticed a centaur warrior
 11168 | D:10     | Killed a centaur warrior
 11496 | D:10     | Reached skill level 23 in Axes
 11666 | D:10     | HP: 2/135 [freezing wraith (13)]
 11666 | D:10     | Slain by a freezing wraith

Illustrated notes

Levels and vault maps discovered:
D:1:      arrival_aquarium_a, layout_basic, minmay_strange_pillars
D:2:      layout_loops_ring, basic_altar, dreamdust_mushroom_princess
D:3:      layout_basic, gammafunk_ghost_grave, portal_sewer_entry_e,
          chequers_serial_rivers_room_a, kennysheep_generic_room_14,
          uniq_grinder
D:4:      layout_loops_cross, minmay_temple_entry_offerings
D:5:      layout_loops_cross, serial_shops, shop_statue, nicolae_shop_trees
D:6:      layout_layer_cave, chequers_serial_rivers_large_a, item_on_display_a
D:7:      layout_rooms, serial_shops, nicolae_shop_window_shopping, uniq_pikel,
          uniq_prince_ribbit1
D:8:      layout_cave_pods, david_lair_generic, enter_bailey_5,
          hellmonk_guarded_unrand_zhor
D:9:      layout_cave_pools, bh_walls_and_bars
D:10:     minmay_the_grid_triangle_9x9_rhombus_full
          [minmay_the_grid_triangle_9x9_thin_v,
          minmay_the_grid_triangle_9x9_semitri,
          minmay_the_grid_triangle_9x9_fully_insulated_deathbox,
          minmay_the_grid_triangle_9x9_intruding_spiral,
          minmay_the_grid_triangle_9x9_corruption,
          minmay_the_grid_triangle_9x9_corrupted_corridor,
          minmay_the_grid_triangle_9x9_warning,
          minmay_the_grid_triangle_9x9_prize_insulated], layout_long_grid,
          chequers_temple_overflow_statue_of_worship, uniq_joseph

Skill      XL: |  1  2  3  4  5  6  7  8  9 10 11 12 |
---------------+-------------------------------------+-----
Axes           | 4 5 7 8 9 11 14 17 19 22 23 | 23.0
Fighting       | |  3.6
Armour         | |  2.4
Dodging        | |  2.1

Action                     |  1- 3 |  4- 6 |  7- 9 | 10-12 || total
---------------------------+-------+-------+-------+-------++-------
  Melee: Hand axe          |    60 |    79 |   218 |   377 ||   734
         Headbutt          |     7 |    11 |    54 |    94 ||   166
 Invoke: Berserk           |     3 |     2 |     5 |    14 ||    24
  Evoke: Wand              |       |       |     1 |       ||     1
    Use: Scroll            |     7 |     5 |    13 |     4 ||    29
         Potion            |       |       |     4 |     4 ||     8
   Stab: Sleeping          |     3 |     1 |       |       ||     4
 Armour: Animal skin       |    18 |     4 |       |       ||    22
         Ring mail         |       |    14 |       |       ||    14
         Chain mail        |       |     1 |    44 |       ||    45
         Plate armour      |       |       |    75 |     6 ||    81
         Fire dragon scale |       |       |       |   182 ||   182
  Dodge: Dodged            |    34 |    31 |    54 |    74 ||   193
  Block: Kite shield       |     6 |    24 |    79 |    16 ||   125
         Tower shield      |       |       |       |   267 ||   267

Table legend: (Time is in decaauts)
 A = Elapsed time spent in this place.
 B = Non-inter-level travel time spent in this place.
 C = Inter-level travel time spent in this place.
 D = Time resting spent in this place.
 E = Time spent auto-exploring this place.
 F = Levels seen in this place.
 G = Mean time per level.
                   A        B        C        D        E       F      G
               +--------+--------+--------+--------+--------+-----+--------+
         Total |  11876 |  11634 |    242 |   2489 |   7086 |  11 | 1079.6 |
       Dungeon |  11098 |  10856 |    242 |   1962 |   7002 |  10 | 1109.8 |
        Bailey |    778 |    778 |      0 |    527 |     84 |   1 |  778.0 |
               +--------+--------+--------+--------+--------+-----+--------+

Top non-repeatable levels by time:
    D:10: 2130 daAuts
     D:8: 1268 daAuts
     D:9: 1248 daAuts
     D:3: 1243 daAuts
     D:6: 1192 daAuts
     D:7: 837 daAuts
     D:5: 826 daAuts
     D:1: 817 daAuts
     D:4: 810 daAuts
  Bailey: 778 daAuts
     D:2: 723 daAuts
